Map: Shrines of Lizul

Players

MonstroTown

  • Race: Terran Terran
  • Spawn Location: 9:00

Michael

  • Race: Zerg Zerg
  • League: Platinum
  • Spawn Location: 6:00

Yobert - Winner!

  • Race: Protoss Protoss
  • League: Gold
  • Spawn Location: 3:00

sneferu - Winner!

  • Race: Protoss Protoss
  • Spawn Location: 12:00

VOD

Have the link to the VOD?

Description

Time

  • Played on: Oct. 12, 2018, 11:21 p.m.
  • Length: 18:36
Show
View Real Time Build Order
Export as new Build Order

MonstroTown Terran 

Build Orders: MMM Bio 

Get SALT Encoding   

  12  0:01  SCV  
  13  0:13  SCV  
  14  0:18  Supply Depot  
  14  0:25  SCV  
  15  0:39  SCV  
  15  0:41  Barracks  
  16  0:53  Barracks  
  16  0:55  SCV  
  17  1:09  Barracks  
  17  1:11  SCV  
  18  1:24  SCV  
  19  1:28  Marine  
  20  1:36  Supply Depot  
  19  1:41  Marine  
  19  1:46  Barracks  
  20  1:58  Marine  
  20  1:59  Marine x2  
  23  2:10  Orbital Command  
  23  2:16  Marine  
  23  2:18  Marine  
  23  2:19  Marine  
  26  2:34  Marine  
  26  2:53  Command Center  
  26  3:00  Marine  
  26  3:01  Marine  
  26  3:05  Refinery  
  28  3:08  Refinery  
  28  3:11  SCV  
  29  3:19  Supply Depot  
  29  3:39  SCV  
  30  3:44  Barracks Tech Lab  
  30  3:56  Marine  
  30  3:57  Marine  
  30  3:58  Marine  
  30  4:01  SCV  
  34  4:06  Marauder  
  34  4:07  Orbital Command  
  36  4:10  Stimpack  
  36  4:14  SCV, Marine  
  38  4:21  Barracks Reactor  
  38  4:26  Barracks Reactor  
  38  4:33  Refinery  
  38  4:34  Marauder  
  38  4:35  SCV x2  
  42  4:42  Marine  
  43  4:47  SCV  
  43  4:55  Factory  
  43  4:56  Barracks  
  43  5:00  Marine x3  
  43  5:03  Marauder  
  43  5:06  SCV  
  49  5:10  Marine  
  49  5:11  Marine  
  51  5:34  Marine x3  
  51  5:35  Marine  
  52  5:37  Marauder  
  54  5:43  Factory Tech Lab  
  54  5:49  Supply Depot  
  54  5:51  Supply Depot  
  54  5:52  Marine x2  
  56  5:58  Marauder  
  56  6:02  Starport  
  58  6:15  SCV  
  58  6:16  SCV  
  60  6:25  Siege Tank  
  63  6:28  SCV  
  63  6:29  Supply Depot  
  63  6:30  Supply Depot  
  64  6:40  Medivac  
  64  6:42  Barracks Reactor  
  64  6:43  Combat Shields  
  66  6:52  Marine  
  66  6:53  Engineering Bay  
  67  7:03  Engineering Bay  
  67  7:22  Marine x2  
  68  7:24  Starport Reactor  
  69  7:30  Terran Infantry Weapons Level 1  
  69  7:33  Starport  
  69  7:34  Terran Infantry Armor Level 1  
  69  7:35  Marine  
  70  7:43  Barracks Reactor  
  70  7:45  SCV x2  
  72  7:53  Missile Turret  
  72  7:57  Missile Turret, SCV x2  
  74  8:03  Marine  
  75  8:09  SCV x2  
  77  8:17  Marine x5  
  77  8:18  Marine  
  83  8:20  Marine  
  83  8:23  Marine x2  
  83  8:24  Supply Depot  
  83  8:25  Supply Depot  
  83  8:26  Supply Depot  
  86  8:27  SCV x2  
  88  8:35  Marine x2  
  88  8:39  SCV x2  
  92  8:44  Marine x4  
  92  8:45  Marine x2  
  88  8:48  Viking  
  88  8:50  Viking, Supply Depot  
  88  8:51  SCV  
  94  8:55  SCV  
  94  9:04  SCV  
  94  9:07  SCV  
  94  9:08  Marine x3  
  94  9:09  Marine x2  
  101  9:14  Siege Tank  
  101  9:16  SCV  
  105  9:18  Viking  
  105  9:20  SCV  
  108  9:28  Armory  
  108  9:29  Concussive Shells  
  108  9:34  SCV x2  
  110  9:42  Marine, Refinery  
  110  9:43  Marauder, Marine x2  
  115  9:46  SCV  
  116  9:57  Marine  
  116  9:58  Marine x4  
  121  10:00  Marine x2  
  121  10:03  Supply Depot  
  123  10:15  Terran Infantry Armor Level 2, Terran Infantry Weapons Level 2  
  123  10:19  Marine  
  123  10:20  Marine x3  
  127  10:26  Supply Depot  
  127  10:28  Marine x3  
  130  10:36  Viking  
  130  10:37  Viking x2  
  136  11:09  Marine x5  
  136  11:10  Marine x3  
  144  11:11  Viking x3  
  150  11:18  Supply Depot  
  150  11:20  Siege Tank, Marauder  
  86  11:48  Marine  
  86  11:49  Marine x6  
  84  12:00  Marine x2  
  86  12:02  Medivac x3  
  86  12:04  Siege Tank  
  95  12:14  Command Center  
  95  12:27  Marine x4  
  95  12:28  Marine x3  
  102  12:36  Medivac  
  104  12:37  Medivac x2  
  108  12:45  Marine x3  
  108  12:50  Supply Depot  
  111  13:05  Marine x2  
  111  13:06  Marine x5  
  99  13:23  Marine x2  
  91  13:32  SCV x2  
  93  13:36  Planetary Fortress  
  93  13:39  Marine x4  
  93  13:40  Marine  
  93  13:41  Marine x2  
  100  13:52  Barracks  
  100  13:55  Barracks  
  100  13:58  Barracks x2  
  89  14:10  Marine x2  
  89  14:11  Marine x5  
  92  14:28  SCV x3, Marine x3  
  92  14:29  Marine x2  
  92  14:30  Marine x2  
  102  14:46  Marine x8  
  102  14:47  Marine  
  102  14:48  Medivac x3, Marine  
  118  14:54  Marine  
  119  15:03  Marine  
  119  15:04  Marine x3  
  88  15:49  Marine x6  
  86  15:50  Marine x2  
  86  15:51  Viking x3  
  93  16:01  Marine x3  
  95  16:06  Marine  
  95  16:07  Marine x5  
  96  16:17  Marine x2  
  92  16:18  Marine  
  92  16:19  Marine x2  
  92  16:24  Marine x2  
  92  16:25  Medivac x2, Marine x2  
  91  16:45  Marine x6  
  91  16:46  Marine x3  
  100  16:57  Marine x2  
  97  17:03  Marine  
  98  17:16  Marine x3  
  98  17:20  Marine  
  84  17:44  Marine  
  84  17:45  Marine x3  
  88  18:00  Marine  
Show
View Real Time Build Order
Export as new Build Order

Michael Zerg 

Build Orders: Pool First, Lurkers 

Get SALT Encoding   

  12  0:01  Drone  
  13  0:13  Overlord  
  13  0:18  Drone  
  14  0:31  Drone x2  
  14  0:35  Drone  
  17  0:39  Extractor  
  16  0:48  Spawning Pool  
  15  0:52  Drone  
  15  0:56  Drone  
  17  1:07  Drone  
  18  1:26  Hatchery  
  18  1:30  Drone  
  18  1:50  Queen  
  18  1:51  Metabolic Boost  
  18  1:54  Zergling x2  
  21  1:59  Zergling x2  
  22  2:05  Overlord  
  22  2:26  Zergling x4  
  24  2:36  Drone  
  25  2:39  Queen  
  27  2:44  Queen  
  27  2:46  Drone  
  27  2:48  Drone  
  31  2:51  Drone  
  31  3:10  Drone  
  31  3:11  Drone x2  
  33  3:29  Zergling x2  
  33  3:30  Zergling x4  
  33  3:33  Overlord x3  
  34  3:46  Lair  
  34  3:51  Extractor, Drone  
  34  3:52  Roach Warren  
  34  3:54  Drone  
  34  3:56  Drone  
  34  3:58  Drone  
  36  4:05  Drone  
  36  4:06  Drone  
  36  4:08  Drone  
  39  4:19  Zergling x8  
  43  4:26  Drone x3  
  43  4:29  Drone  
  47  4:34  Overlord  
  46  4:50  Roach  
  46  4:51  Roach x5  
  46  4:52  Roach  
  59  4:56  Glial Reconstitution  
  59  5:02  Overlord  
  59  5:03  Overlord  
  59  5:06  Overlord  
  59  5:20  Queen  
  48  5:29  Roach  
  48  5:30  Roach x5  
  48  5:31  Roach  
  58  5:44  Roach x3  
  58  5:46  Roach  
  58  5:49  Drone x2  
  68  5:52  Drone  
  68  5:54  Drone x3  
  68  5:55  Drone  
  73  6:10  Extractor, Drone  
  73  6:11  Extractor  
  73  6:15  Spore Crawler  
  71  6:23  Hydralisk Den  
  70  6:30  Hatchery  
  67  6:40  Overseer  
  67  6:42  Pneumatized Carapace  
  67  6:45  Drone  
  67  6:46  Drone x2  
  70  6:47  Drone x3  
  73  6:59  Overseer  
  73  7:21  Spire  
  72  7:28  Muscular Augments  
  72  7:35  Overlord x9  
  72  7:37  Evolution Chamber  
  71  7:46  Overlord  
  71  7:49  Drone x2  
  73  7:52  Queen  
  75  8:03  Spore Crawler  
  75  8:04  Spore Crawler  
  73  8:07  Spore Crawler  
  72  8:15  Drone x2, Spore Crawler  
  72  8:17  Drone  
  72  8:18  Drone x3  
  72  8:19  Drone  
  78  8:32  Infestation Pit  
  77  8:34  Zerg Ground Armor Level 1, Hydralisk  
  77  8:36  Hydralisk  
  77  8:39  Grooved Spines  
  81  8:46  Hydralisk  
  81  8:47  Hydralisk x2  
  87  8:59  Roach  
  87  9:00  Roach x4  
  87  9:02  Roach  
  99  9:08  Hive  
  99  9:19  Hydralisk x4  
  107  9:28  Lurker Den  
  106  9:40  Hydralisk x3  
  106  9:41  Hydralisk  
  114  9:54  Overlord x2  
  114  9:55  Overlord  
  114  9:56  Hydralisk x3  
  124  10:00  Roach x2  
  124  10:02  Roach  
  126  10:11  Roach  
  126  10:12  Roach x3  
  134  10:25  Greater Spire  
  134  10:30  Drone x3  
  134  10:31  Drone x4  
  134  10:33  Extractor  
  134  10:34  Extractor  
  139  10:56  Hydralisk x6  
  149  11:05  Lurker  
  149  11:10  Drone x3  
  153  11:21  Lurker x2  
  108  11:49  Hydralisk x10  
  108  11:50  Hydralisk  
  104  12:00  Hydralisk  
  104  12:01  Hydralisk  
  96  12:12  Hydralisk  
  96  12:13  Hydralisk x3  
  100  12:21  Drone  
  102  12:22  Drone  
  102  12:23  Drone  
  102  12:29  Lurker x5  
  108  12:30  Lurker  
  91  13:23  Hydralisk x2  
  91  13:24  Hydralisk x15  
  111  13:36  Corruptor x2  
  115  13:47  Corruptor x2  
  119  13:52  Corruptor  
  121  13:58  Corruptor x3  
  121  13:59  Corruptor x2  
  121  14:07  Hydralisk x3  
  121  14:09  Zergling x12  
  129  14:20  Brood Lord  
  129  14:21  Brood Lord  
  133  14:25  Zergling x4  
  133  14:26  Zergling x8  
  139  14:32  Brood Lord  
  139  14:36  Brood Lord  
  143  14:40  Brood Lord  
  143  14:43  Corruptor  
  143  14:45  Zergling x14  
  154  14:53  Hatchery  
  154  14:59  Overlord x4  
  83  15:40  Hydralisk x7  
  83  15:41  Hydralisk x9  
  107  15:50  Hydralisk x2  
  107  15:51  Hydralisk  
  105  16:24  Queen  
  107  16:31  Zergling x24  
  79  17:00  Corruptor x8  
  82  17:36  Brood Lord x5  
  82  17:37  Brood Lord  
  94  17:47  Brood Lord  
  96  17:53  Brood Lord  
  98  18:06  Corruptor  
Show
View Real Time Build Order
Export as new Build Order

Yobert Protoss - Winner!

Build Orders:  

Get SALT Encoding   

  12  0:01  Probe  
  13  0:13  Probe  
  14  0:25  Pylon  
  14  0:28  Probe  
  15  0:43  Probe  
  15  0:44  Gateway  
  16  0:51  Assimilator  
  16  1:10  Probe  
  17  1:22  Probe  
  17  1:23  Pylon  
  18  1:41  Probe  
  19  1:49  Cybernetics Core  
  19  1:52  Assimilator  
  19  1:54  Probe  
  20  1:59  Zealot  
  22  2:06  Gateway  
  22  2:15  Warp Gate  
  22  2:28  Stalker  
  24  2:40  Twilight Council  
  24  2:42  Pylon  
  24  2:50  Charge  
  24  2:57  Zealot  
  24  3:04  Zealot  
  28  3:19  Gateway x2  
  28  3:41  Zealot x2  
  32  3:55  Probe  
  32  4:08  Probe  
  33  4:21  Nexus  
  33  4:33  Sentry x3  
  39  5:02  Pylon  
  39  5:14  Pylon  
  39  5:19  Probe  
  34  5:31  Probe  
  33  5:45  Pylon  
  33  5:46  Probe x2  
  33  5:49  Stargate x2  
  35  5:53  Stargate  
  35  5:54  Assimilator  
  35  5:56  Probe x2  
  35  5:59  Assimilator  
  37  6:04  Probe  
  38  6:14  Shield Battery  
  38  6:22  Void Ray  
  38  6:29  Void Ray  
  46  6:48  Probe x2  
  48  7:00  Probe x2  
  50  7:02  Protoss Air Weapons Level 1  
  50  7:12  Probe  
  51  7:49  Templar Archives  
  51  7:51  Pylon  
  51  7:54  Pylon  
  51  7:55  Zealot x3  
  51  7:56  Zealot  
  59  8:03  Forge  
  59  8:08  Probe x2  
  61  8:20  Probe x2  
  63  8:47  Probe x2  
  65  8:59  Psionic Storm, Probe x2  
  67  9:04  Robotics Facility, Protoss Ground Weapons Level 1  
  67  9:12  High Templar x3  
  67  9:13  High Templar  
  75  9:53  High Templar x4  
  83  10:01  Nexus  
  83  10:04  Assimilator  
  83  10:07  Assimilator  
  83  10:10  Pylon  
  83  10:11  Void Ray x2  
  83  10:12  Pylon  
  91  10:30  Photon Cannon  
  91  10:31  Photon Cannon  
  91  10:32  Photon Cannon  
  91  10:34  Shield Battery x2  
  91  10:37  Shield Battery  
  91  10:43  Pylon  
  91  10:52  Photon Cannon  
  90  11:18  Observer  
  89  11:39  Observer  
  56  11:48  Archon  
  56  11:52  Void Ray x3  
  58  11:58  Gateway  
  58  11:59  Gateway  
  58  12:00  Stalker  
  58  12:01  Gateway x2  
  56  12:04  Probe x2  
  58  12:12  Zealot x2  
  62  12:23  Probe x2  
  62  12:24  Probe  
  65  12:30  High Templar x2  
  65  12:33  Protoss Ground Weapons Level 2  
  65  12:34  Archon  
  65  12:36  High Templar x2  
  73  12:38  Probe x2  
  73  12:39  Probe  
  76  12:50  Probe  
  77  12:55  High Templar x2  
  81  13:02  High Templar  
  66  13:28  Stalker x3  
  66  13:29  Stalker x4  
  76  13:45  Observer  
  64  14:10  Archon  
  64  14:11  Archon  
  64  14:13  High Templar x4  
  64  14:15  Zealot x4  
  80  14:23  Probe x3  
  83  14:35  Dark Shrine  
  83  14:37  High Templar, Pylon  
  85  14:41  Protoss Shields Level 1  
  85  14:55  Nexus  
  85  14:59  Assimilator  
  85  15:00  Zealot  
  85  15:03  Assimilator  
  85  15:04  High Templar x2  
  73  15:31  Void Ray x3  
  71  15:38  Archon x3  
  83  15:48  Stalker  
  83  15:49  Stalker x2  
  83  16:17  Void Ray  
  83  16:18  Void Ray  
  91  16:27  Observer  
  91  16:32  Zealot  
  94  16:33  Zealot x6  
  94  16:34  Zealot  
  104  17:12  Observer  
  105  17:21  High Templar x2  
  105  17:22  Void Ray, High Templar  
  111  17:23  Void Ray  
  119  17:31  Zealot x5  
  129  17:41  Pylon  
  129  17:42  Pylon  
  129  17:43  Pylon x2  
  129  17:44  Pylon  
  129  17:45  Pylon x3  
  129  17:48  Pylon  
Show
View Real Time Build Order
Export as new Build Order

sneferu Protoss - Winner!

Build Orders:  

Get SALT Encoding   

  12  0:01  Probe  
  13  0:17  Pylon  
  13  0:20  Probe  
  14  0:32  Probe  
  15  0:40  Probe, Gateway  
  15  0:48  Probe  
  17  0:59  Probe  
  18  1:07  Assimilator  
  18  1:11  Probe  
  19  1:23  Probe  
  20  1:35  Probe  
  21  1:47  Probe  
  22  1:55  Cybernetics Core  
  22  1:59  Probe  
  22  2:03  Pylon  
  22  2:06  Gateway  
  22  2:07  Gateway  
  22  2:09  Gateway  
  22  2:13  Pylon  
  22  2:15  Probe  
  23  2:19  Assimilator  
  23  2:23  Warp Gate  
  23  2:27  Probe  
  24  2:34  Stalker  
  26  2:58  Nexus  
  26  3:03  Stalker  
  27  3:13  Stalker  
  29  3:27  Stalker  
  31  3:36  Stalker  
  33  3:42  Probe  
  34  3:54  Probe  
  35  4:00  Stalker  
  37  4:04  Stalker  
  39  4:10  Probe  
  39  4:11  Pylon  
  39  4:13  Probe  
  41  4:32  Pylon  
  41  4:36  Probe  
  42  4:40  Probe  
  42  4:43  Pylon  
  43  4:45  Stalker  
  45  4:55  Probe  
  45  4:56  Probe  
  45  4:58  Sentry x2  
  45  4:59  Sentry  
  53  5:03  Probe  
  53  5:04  Probe  
  53  5:12  Probe  
  55  5:16  Shield Battery  
  52  5:37  Probe  
  52  5:39  Shield Battery  
  52  5:42  Pylon  
  53  5:44  Stalker x2  
  53  5:45  Stalker  
  53  5:47  Sentry  
  61  5:52  Probe x2  
  61  5:55  Pylon  
  63  5:59  Shield Battery  
  63  6:04  Probe  
  63  6:05  Probe  
  65  6:15  Robotics Facility  
  65  6:16  Probe  
  65  6:17  Probe  
  67  6:20  Pylon  
  67  6:23  Sentry x2  
  67  6:24  Probe  
  71  6:25  Probe  
  71  6:32  Probe  
  73  6:38  Zealot x2  
  73  6:39  Pylon  
  78  6:46  Robotics Facility  
  78  6:51  Probe  
  78  6:52  Probe  
  80  6:55  Pylon  
  80  6:57  Assimilator  
  80  6:58  Immortal  
  80  6:59  Assimilator  
  80  7:03  Probe  
  81  7:10  Probe  
  86  7:16  Forge  
  86  7:18  Forge  
  86  7:23  Probe  
  86  7:26  Probe  
  86  7:28  Immortal, Observer  
  88  7:30  Protoss Ground Weapons Level 1  
  93  7:44  Nexus  
  93  7:45  Protoss Ground Armor Level 1, Probe  
  93  7:46  Probe  
  95  8:00  Observer  
  95  8:04  Probe  
  95  8:05  Probe  
  98  8:07  Immortal  
  102  8:16  Probe  
  102  8:17  Probe  
  104  8:27  Immortal  
  104  8:28  Probe  
  104  8:30  Pylon  
  104  8:31  Probe  
  110  8:35  Pylon  
  110  8:40  Probe  
  111  8:43  Probe  
  111  8:48  Immortal  
  116  8:52  Probe  
  117  8:56  Twilight Council  
  117  8:59  Gateway  
  117  9:03  Probe x2  
  117  9:04  Gateway  
  117  9:05  Immortal  
  119  9:12  Protoss Shields Level 1  
  123  9:17  Protoss Ground Armor Level 2  
  123  9:18  Pylon  
  123  9:30  Immortal  
  127  9:34  Probe  
  128  9:38  Nexus  
  128  9:40  Pylon  
  128  9:44  Charge, Immortal  
  132  9:48  Zealot x2  
  132  9:49  Zealot  
  138  9:59  Zealot  
  140  10:08  Probe  
  140  10:09  Immortal  
  140  10:13  Photon Cannon  
  145  10:16  Photon Cannon  
  145  10:18  Photon Cannon  
  145  10:20  Photon Cannon  
  145  10:21  Shield Battery x2  
  145  10:24  Immortal  
  149  10:29  Probe x2  
  149  10:35  Assimilator  
  151  10:37  Probe  
  151  10:38  Templar Archives  
  151  10:41  Probe x2  
  154  10:43  Assimilator  
  154  10:46  Zealot x3  
  154  10:48  Zealot  
  162  10:50  Immortal, Zealot  
  167  11:19  Immortal  
  171  11:26  Immortal  
  153  11:41  Protoss Ground Armor Level 3  
  121  11:50  Protoss Ground Weapons Level 2  
  121  11:52  Observer  
  107  11:54  Zealot x4  
  107  11:55  Zealot  
  107  11:59  Observer  
  113  12:02  Probe  
  113  12:04  Probe  
  116  12:13  Gateway  
  116  12:15  Gateway  
  116  12:17  Gateway  
  116  12:21  Observer  
  116  12:22  Zealot x5  
  124  12:23  Zealot, Gateway  
  124  12:27  Immortal  
  133  12:31  Probe x2  
  133  12:32  Probe x2  
  137  12:37  Pylon  
  137  12:42  Gateway  
  137  12:44  Gateway  
  137  12:49  Zealot x2  
  137  12:50  Zealot x4  
  149  12:53  Immortal  
  149  12:56  Probe x4  
  157  13:06  Immortal  
  148  13:32  Immortal, Stalker x5  
  148  13:33  Stalker  
  164  13:39  Gateway  
  164  13:41  Gateway  
  164  13:42  Probe  
  164  13:43  Gateway  
  164  13:44  Gateway  
  164  13:45  Immortal  
  163  14:02  Pylon  
  163  14:06  Immortal, Protoss Ground Weapons Level 3  
  163  14:08  Stalker x3  
  163  14:09  Stalker x4  
  175  14:10  Stalker  
  175  14:11  Stalker x2  
  175  14:12  Protoss Shields Level 2  
  175  14:15  Immortal  
  177  14:22  Gateway  
  177  14:28  Assimilator  
  181  14:32  Assimilator  
  181  14:37  Probe  
  182  14:38  Nexus  
  182  14:39  Gateway, Pylon  
  182  14:42  High Templar x2  
  182  14:43  Zealot x4  
  194  14:57  Immortal  
  198  15:01  Photon Cannon x2  
  198  15:03  Photon Cannon  
  198  15:09  Photon Cannon x2  
  198  15:11  Photon Cannon  
  198  15:12  Immortal  
  200  15:17  Zealot x2  
  195  15:22  Archon  
  179  15:50  Zealot x5  
  179  15:51  Zealot x3  
  179  15:52  Zealot x4  
  187  16:07  Zealot  
  187  16:08  Zealot x3  
  187  16:10  Zealot  
  175  16:27  High Templar  
  175  16:28  High Templar x4  
  175  16:29  High Templar x4  
  175  16:30  Zealot  
  175  16:31  Zealot x2  
  199  16:43  Archon x3  
  199  16:44  Archon  
  195  16:47  Observer  
  195  16:48  Observer  
  191  17:19  Probe x2  
  191  17:20  Probe  
  194  17:25  Assimilator  
  194  17:27  Stalker x3  
  194  17:29  Assimilator  
  190  18:15  Pylon  
  190  18:21  Gateway  
  190  18:24  Gateway  
  190  18:26  Gateway  
  186  18:28  Gateway  
  186  18:31  Gateway  
Tags
 
Add a new tag
Caveats
  • Supply blocks, unpowered buildings, or Contaminate may cause inaccurate times.
  • Supply counts are checked every 10 seconds.